 Dungeon Crawl Stone Soup version 0.30-a0-364-gf6b3ef1049 (webtiles) character file.

Game seed: 6101892627381024056

3 GabrielManson the Conjurer (level 1, 0/9 (16) HPs)
             Began as a Demonspawn Reaver on Nov 15, 2022.
             Succumbed to a kobold's poison
             ... on level 1 of the Dungeon.
             The game lasted 00:03:27 (54 turns).

GabrielManson the Conjurer (Demonspawn Reaver)        Turns: 54, Time: 00:03:28

HP:   0/9 (16)      AC:  3    Str: 12    XL:     1   Next: 41%
MP:   2/3           EV: 11    Int: 14    God:
Gold: 0             SH:  0    Dex: 11    Spells: 3/4 levels left

rFire   . . .      SeeInvis .      - Unarmed
rCold   . . .      Faith    .    (no shield)
rNeg    . . .      Spirit   .    a - +0 leather armour
rPois   .          Reflect  .    (no helmet)
rElec   .          Harm     .    (no cloak)
rCorr   .          Rampage  .    (no gloves)
Will    .....                    (no boots)
Stlth   +.........               (no amulet)
HPRegen 0.21/turn                (no ring)
MPRegen 0.08/turn                (no ring)

@: lethally poisoned (0 -> -14), very heavily drained
A: no striking features
a: no special abilities


You were on level 1 of the Dungeon.
You visited 1 branch of the dungeon, and saw 1 of its levels.

Inventory:

Armour
 a - a +0 leather armour (worn)


   Skills:
 + Level 2.0 Fighting
 + Level 1.8 Dodging
 + Level 2.7 Unarmed Combat
 + Level 2.0 Spellcasting
 + Level 3.0 Conjurations


You had 3 spell levels left.
You knew the following spells:

 Your Spells              Type           Power      Damage    Failure   Level
a - Kiss of Death         Conj/Necr      20%        2d7       16%         1

Your spell library contained the following spells:

 Spells                   Type           Power      Damage    Failure   Level
 Momentum Strike          Conj/Tloc      10%        3d8       24%         2
 Hailstorm                Conj/Ice       5%         3d4       43%         3


Dungeon Overview and Level Annotations

Branches:
Dungeon (1/15)

Altars:


Message History

Press: ? - help, Shift-Dir - straight line, f - hobgoblin
Aim: a hobgoblin (100% to hit)
The negative energy hits the hobgoblin!
The hobgoblin is drained!
You kill the hobgoblin!
You feel drained.
There is an open door here.
You see here a hobgoblin corpse.
You start resting.
Magic restored.
A kobold comes into view.
It is wielding a +1 short sword of venom.
The kobold shouts!
You see here a fizzy sapphire potion.
A hobgoblin comes into view.
Found a fuming golden potion.
The hobgoblin shouts!
A rat comes into view.
A ball python comes into view.
The kobold throws a stone.
The stone barely misses you.
A quokka comes into view.
The kobold hits you but does no damage.
You are poisoned.
The ball python hisses angrily.
You hit the kobold but do no damage.
You feel sick.
You hit the kobold but do no damage.
You feel sick.
The kobold hits you with a +1 short sword of venom.
You are lethally poisoned!
Casting: Kiss of Death (safe; 16% risk of failure)
Confirm with . or Enter, or press ? or * to list all spells.
Aiming: Kiss of Death (safe; 16% risk of failure)
Press: ? - help, Shift-Dir - straight line, f - kobold
Aim: a kobold, wielding a +1 short sword of venom and quivering stones (100% to hit)
The negative energy hits the kobold!
The kobold is drained!
You kill the kobold!
You feel drained.
* * * LOW HITPOINT WARNING * * *
You feel very sick.
As you read the scroll labelled POACIKK CUSCHEX, it crumbles to dust.
You hear a loud clanging noise!
It was a scroll of noise.
You die...

........#
#......!.
#........
#........
#r......#
#r......#
#gS...... ##
#+##@.....#
.##..##.........#
..........!######
.##..##...##
#++### ##†###
#...####...#
#...'..#...#
#.<.'..'...#
#...#..#...#


You could see a quokka, a hobgoblin, a ball python and a rat.

Vanquished Creatures
  An endoplasm (D:1)
  A hobgoblin (D:1)
  A kobold (D:1)
3 creatures vanquished.

Notes
Turn   | Place    | Note
-------+----------+-------------------------------------------
     0 | D:1      | GabrielManson the Demonspawn Reaver began the quest for the
                  | Orb.
     0 | D:1      | Reached XP level 1. HP: 16/16 MP: 3/3
    54 | D:1      | Succumbed to a kobold's poison

Illustrated notes

Levels and vault maps discovered:
D:1:      dpeg_arrival_houses_and_road, layout_basic, minmay_pentomino_t4

Action                   || total
-------------------------++-------
Melee: Unarmed           ||     2
 Cast: Kiss of Death     ||     3
  Use: Scroll            ||     1
Armor: Leather armour    ||     1
Dodge: Dodged            ||     3

Table legend: (Time is in decaauts)
 A = Elapsed time spent in this place.
 B = Non-inter-level travel time spent in this place.
 C = Inter-level travel time spent in this place.
 D = Time resting spent in this place.
 E = Time spent auto-exploring this place.
 F = Levels seen in this place.
 G = Mean time per level.
                   A        B        C        D        E       F      G
               +--------+--------+--------+--------+--------+-----+--------+
         Total |     53 |     53 |      0 |     15 |      0 |   1 |   53.0 |
       Dungeon |     53 |     53 |      0 |     15 |      0 |   1 |   53.0 |
               +--------+--------+--------+--------+--------+-----+--------+

Top non-repeatable levels by time:
     D:1: 53 daAuts
